 Dungeon Crawl Stone Soup version 0.22.1-6-g1668fe2c40 (webtiles) character file.

93 Kohma the Grave Robber (level 4, -4/36 HPs)
             Began as a Ghoul Necromancer on Jan 22, 2019.
             Slain by a gnoll (7 damage)
             ... on level 2 of the Dungeon.
             The game lasted 00:05:39 (1116 turns).

Kohma the Grave Robber (Ghoul Necromancer)          Turns: 1116, Time: 00:05:39

Health: -4/36      AC:  5    Str: 12    XL:     4   Next: 61%
Magic:  3/6        EV: 10    Int: 10    God:
Gold:   92         SH:  0    Dex:  9    Spells: 2/7 levels left

rFire    . . .     SeeInvis .     - Unarmed
rCold    + . .     Gourm    .   (no shield)
rNeg     + + +     Faith    .   d - +0 ring mail
rPois    ∞         Spirit   .   (no helmet)
rElec    .         Reflect  .   (no cloak)
rCorr    .         Harm     .   (no gloves)
MR       .....                  (no boots)
Stlth    +.........             (no amulet)
HPRegen  0.00/turn              (no ring)
MPRegen  0.10/turn              (no ring)

@: rotting
A: rotting body, claws 1, carnivore, cold resistance 1, negative energy
resistance 3, inhibited regeneration, torment resistance, unbreathing
a: no special abilities


You were on level 2 of the Dungeon.
You were not hungry.

You visited 1 branch of the dungeon, and saw 2 of its levels.

You collected 92 gold pieces.

Inventory:

Hand Weapons
 i - a cursed -2 whip
Armour
 a - a +0 robe
 d - a +0 ring mail (worn)
 j - a +0 leather armour
Scrolls
 f - 3 scrolls of identify {unknown}
 k - a scroll of enchant armour {unknown}
 m - a scroll of teleportation {unknown}
 n - a scroll of fog {unknown}
 p - a scroll of remove curse {unknown}
 q - a scroll of magic mapping {unknown}
Potions
 b - a potion of flight {unknown}
 e - a potion of lignification {unknown}
 g - a potion of heal wounds
 h - a potion of curing {unknown}
 o - a potion of haste {unknown}
Comestibles
 c - 3 rations
 l - 3 chunks of flesh


   Skills:
 + Level 1.8 Fighting
 - Level 1.7 Dodging
 - Level 2.1 Stealth
 + Level 1.6 Unarmed Combat
 + Level 2.3 Spellcasting
 + Level 0.0 Charms
 * Level 4.8 Necromancy


You had 2 spell levels left.
You knew the following spells:

 Your Spells              Type           Power        Failure   Level  Hunger
a - Pain                  Necr           ##..         10%         1    ##.....
b - Animate Skeleton      Necr           N/A          10%         1    ##.....
c - Regeneration          Chrm/Necr      #.........   58%         3    ####...

Your spell library contained the following spells:

 Spells                   Type           Power        Failure   Level  Hunger
 Vampiric Draining        Necr           ##........   28%         3    ####...
 Animate Dead             Necr           N/A          67%         4    #####..


Dungeon Overview and Level Annotations

Branches:
Dungeon (2/15)

Altars:


Innate Abilities, Weirdness & Mutations

Your body is rotting away.
You thrive on raw meat.
You are immune to poison.
You have sharp fingernails.
You are carnivorous and can eat meat at any time.
Your flesh is cold resistant. (rC+)
You are immune to negative energy. (rN+++)
You do not regenerate when monsters are visible.
You are immune to unholy pain and torment.
You can survive without breathing.


Message History

Aiming: Pain (safe; 10% risk of failure)
Press: ? - help, Shift-Dir - straight line, f - gnoll
Aim: a gnoll (moderately wounded, chance to defeat MR: 71%)
The gnoll writhes in agony!
The gnoll hits you but does no damage. x2
Casting: Pain (safe; 10% risk of failure)
Confirm with . or Enter, or press ? or * to list all spells.
Aiming: Pain (safe; 10% risk of failure)
Press: ? - help, Shift-Dir - straight line, f/p - gnoll
Aim: a gnoll (severely wounded, chance to defeat MR: 71%)
The gnoll struggles to resist.
The gnoll hits you!
* * * LOW HITPOINT WARNING * * *
The gnoll hits you from afar with a spear.
* * * LOW HITPOINT WARNING * * *
Casting: Pain (safe; 10% risk of failure)
Confirm with . or Enter, or press ? or * to list all spells.
Aiming: Pain (safe; 10% risk of failure)
Press: ? - help, Shift-Dir - straight line, f/p - gnoll
Aim: a gnoll (severely wounded, chance to defeat MR: 71%)
The gnoll writhes in agony!
The gnoll hits you!
You die...

#......#
####.#
#.#....#
#....#
######.####.#
#.####
#...........#
#.#
#.####.######
#.# #.# #.#
#. #.# #.# #.
#<# #######.#
#.# #.#
#@g.....# #.#
#.# #)#######
#.# #.# #g#
#.####.# #g#
#......# #s#
#..##### #.#
####..# #.#
......# #.#
#####.# #..


You could see 3 gnolls and a giant cockroach.

Vanquished Creatures
  Terence (D:1)
  4 adders
  A gnoll (D:2)
  A dart slug (D:1)
  2 goblins (D:1)
  2 hobgoblins
  2 kobolds (D:1)
  A rat (D:2)
14 creatures vanquished.

Vanquished Creatures (collateral kills)
  A dart slug (D:2)
  A giant cockroach (D:2)
  3 goblins
  A hobgoblin (D:1)
  3 bats
  A frilled lizard (D:1)
  A kobold (D:2)
  2 rats (D:1)
13 creatures vanquished.

Grand Total: 27 creatures vanquished

Notes
Turn   | Place    | Note
-------+----------+-------------------------------------------
     0 | D:1      | Kohma the Ghoul Necromancer began the quest for the Orb.
     0 | D:1      | Reached XP level 1. HP: 14/14 MP: 2/2
     2 | D:1      | Learned a level 1 spell: Animate Skeleton
   323 | D:1      | Reached XP level 2. HP: 14/22 MP: 3/3
   336 | D:1      | HP: 1/22 [hobgoblin (4)]
   621 | D:2      | Reached skill level 1 in Fighting
   621 | D:2      | Reached skill level 1 in Unarmed Combat
   675 | D:2      | Noticed Terence
   678 | D:2      | Reached XP level 3. HP: 25/28 MP: 5/5
   728 | D:1      | Killed Terence
   728 | D:1      | Reached XP level 4. HP: 22/35 MP: 1/6
   926 | D:2      | Found a faded altar of an unknown god.
  1087 | D:2      | Learned a level 3 spell: Regeneration
  1116 | D:2      | Slain by a gnoll

Skill      XL: |  1  2 |
---------------+-------+-----
Fighting       | 1 |  1.8
Unarmed Combat | 1 |  1.6
Spellcasting   | 2 |  2.3
Dodging        | |  1.7
Stealth        | |  2.1
Necromancy     | |  4.8

Action                   |  1- 3 |  4- 6 || total
-------------------------+-------+-------++-------
Melee: Unarmed           |    71 |    35 ||   106
       Punch             |       |     1 ||     1
 Cast: Animate Skeleton  |     7 |     4 ||    11
       Pain              |     6 |    12 ||    18
  Use: Potion            |     1 |       ||     1
  Eat: Chunk             |     8 |     6 ||    14
Armor: Robe              |     6 |       ||     6
       Ring mail         |    15 |    16 ||    31
Dodge: Dodged            |    52 |    31 ||    83
